 Dungeon Crawl Stone Soup version 0.22.1-1-ga44c0e56f4 (webtiles) character file.

125 Nixze the Sneak (level 5, -1/31 HPs)
             Began as an Octopode Enchanter on Nov 6, 2018.
             Slain by Ijyb (3 damage)
             ... on level 3 of the Dungeon.
             The game lasted 00:07:46 (2898 turns).

Nixze the Sneak (Octopode Enchanter)                Turns: 2898, Time: 00:07:46

Health: -1/31      AC:  1    Str:  7    XL:     5   Next: 9%
Magic:  8/9        EV: 14    Int: 19    God:
Gold:   146        SH:  0    Dex: 12    Spells: 3/9 levels left

rFire    . . .     SeeInvis .   a - +1 dagger
rCold    . . .     Gourm    .   (no shield)
rNeg     . . .     Faith    .   (helmet restricted)
rPois    .         Spirit   .   (no amulet)
rElec    .         Reflect  .   (no ring)
rCorr    .         Harm     .   (no ring)
MR       .....                  (no ring)
Stlth    ++++......             (no ring)
HPRegen  0.10/turn              (no ring)
MPRegen  0.11/turn              (no ring)
                                (no ring)
                                (no ring)

@: no status effects
A: almost no armour, stealthy swim, amphibious, 8 rings, constrict 8, camouflage
1, gelatinous body 1
a: no special abilities


You were on level 3 of the Dungeon.
You were not hungry.

You visited 1 branch of the dungeon, and saw 3 of its levels.

You collected 146 gold pieces.

Inventory:

Hand Weapons
 a - a +1 dagger (weapon)
Jewellery
 g - a +5 amulet of reflection {unknown}
Scrolls
 i - a scroll of fear {unknown}
Potions
 b - a potion of mutation {unknown}
 d - 2 potions of curing {unknown}
 e - a potion of might {unknown}
 f - a potion of resistance {unknown}
 h - a potion of invisibility {unknown}
Comestibles
 c - 5 rations


   Skills:
 + Level 2.1 Short Blades
 + Level 2.6 Dodging
 + Level 4.8 Stealth
 + Level 2.6 Spellcasting
 + Level 3.5 Hexes
 + Level 1.5 Ice Magic


You had 3 spell levels left.
You knew the following spells:

 Your Spells              Type           Power        Failure   Level  Hunger
a - Corona                Hex            ###....      3%          1    None
b - Ensorcelled Hibernat  Hex/Ice        ##....       9%          2    ##.....
c - Confuse               Hex            ###.....     11%         3    ###....

Your spell library contained the following spells:

 Spells                   Type           Power        Failure   Level  Hunger
 Tukima's Dance           Hex            ###.....     11%         3    ###....
 Dazzling Spray           Conj/Hex       #.....       24%         3    ###....


Dungeon Overview and Level Annotations

Branches:
Dungeon (3/15)

Altars:

Annotations:
D:3 Ijyb


Innate Abilities, Weirdness & Mutations

You cannot wear most types of armour.
You are very stealthy in the water. (Stealth+)
You are amphibious.
You can wear up to eight rings at the same time.
You can use your tentacles to constrict eight enemies at once.
Your skin changes colour to match your surroundings (Stealth+).
Your rubbery body absorbs attacks. (AC +1, EV +1)


Message History

You barely miss Ijyb.
Ijyb is severely wounded.
You constrict Ijyb, but do no damage. The bat completely misses you.
Ijyb completely misses you. Ijyb barely misses you. The rat bites you.
* * * LOW HITPOINT WARNING * * *
You hit Ijyb but do no damage.
Ijyb is severely wounded.
You constrict Ijyb, but do no damage. Ijyb barely misses you.
The rat barely misses you.
You hit Ijyb but do no damage.
Ijyb is severely wounded.
You constrict Ijyb, but do no damage. The bat hits you.
* * * LOW HITPOINT WARNING * * *
Ijyb completely misses you.
You release your grip on Ijyb.
The bat misses you. Ijyb closely misses you. The bat completely misses you.
The bat barely misses you.
Ijyb rages.
Ijyb hits you.
You die...

#..?#####.....
..............
..............
..............
.............
.......<.......#
................#
$...............#
.....#(.......@.#
.............b.g#######..
............##..r........
.............#...........
.............#...........
########...................
...$.....##................
.........###...............
..!..........#.............


You could see Ijyb (berserk), a bat and a rat.

Vanquished Creatures
  Jessica (D:2)
  Robin (D:3)
  2 adders (D:2)
  2 worms (D:2)
  A dart slug (D:2)
  2 leopard geckos (D:2)
  4 bats
  16 goblins
  11 hobgoblins
  3 jackals (D:2)
  2 ball pythons (D:1)
  A frilled lizard (D:3)
  6 kobolds
  4 rats
56 creatures vanquished.

Notes
Turn   | Place    | Note
-------+----------+-------------------------------------------
     0 | D:1      | Nixze the Octopode Enchanter began the quest for the Orb.
     0 | D:1      | Reached XP level 1. HP: 11/11 MP: 3/3
   619 | D:1      | Reached XP level 2. HP: 14/17 MP: 5/5
   887 | D:1      | Learned a level 2 spell: Ensorcelled Hibernation
  1457 | D:2      | Reached XP level 3. HP: 19/21 MP: 6/6
  1557 | D:2      | Learned a level 3 spell: Confuse
  1698 | D:2      | Noticed Jessica
  1702 | D:2      | Killed Jessica
  1811 | D:2      | Reached XP level 4. HP: 27/27 MP: 7/7
  1871 | D:2      | Reached skill level 1 in Ice Magic
  2643 | D:3      | Noticed Robin
  2680 | D:3      | Killed Robin
  2680 | D:3      | Reached XP level 5. HP: 22/31 MP: 3/8
  2831 | D:3      | Noticed Ijyb
  2898 | D:3      | Slain by Ijyb

Skill      XL: |  1  2  3  4 |
---------------+-------------+-----
Ice Magic      | 1 |  1.5
Short Blades   | 2 |  2.1
Dodging        | |  2.6
Stealth        | |  4.8
Spellcasting   | |  2.6
Hexes          | |  3.5

Action                   |  1- 3 |  4- 6 || total
-------------------------+-------+-------++-------
Melee: Dagger            |    61 |    69 ||   130
       Constrict         |    13 |    13 ||    26
       Tentacles         |     5 |     9 ||    14
 Cast: Corona            |     7 |     6 ||    13
       Ensorcelled Hiber |     9 |    18 ||    27
 Stab: Sleeping          |    11 |    13 ||    24
  Eat: Chunk             |     4 |     4 ||     8
Armor: Skin              |     3 |     3 ||     6
Dodge: Dodged            |    49 |    63 ||   112
